 Dungeon Crawl Stone Soup version 0.27-a0-96-gb51a1d6fd6 (webtiles) character file.

Game seed: 15572330936230591381

5603 kae the Fighter (level 10, -1/90 HPs)
             Began as a Demonspawn Monk on Jan 19, 2021.
             Was a Follower of Ru.
             Slain by an ogre
             ... wielding a +0 giant club
              (8 damage)
             ... on level 8 of the Dungeon.
             The game lasted 00:07:55 (13368 turns).

kae the Fighter (Demonspawn Monk)                  Turns: 13368, Time: 00:07:55

Health: -1/90      AC: 13    Str: 14    XL:     10   Next: 45%
Magic:  0/18       EV:  6    Int: 11    God:    Ru [*.....]
Gold:   257        SH:  0    Dex: 15    Spells: 20/20 levels left

rFire    . . .     SeeInvis .     - Unarmed
rCold    . . .     Faith    .   (no shield)
rNeg     . . .     Spirit   +   u - +0 plate armour
rPois    .         Reflect  .   (helmet unavailable)
rElec    .         Harm     .   (no cloak)
rCorr    .         Rampage  .   (no gloves)
Will     .....                  (no boots)
Stlth    ..........             (no amulet)
HPRegen  0.25/turn              v - ring of wizardry
MPRegen  0.32/turn              (no ring)

@: no status effects
A: horns 3, talons 1, slimy green scales 2, clumsy 1, robust 1, magic shield,
magic regeneration, miasma immunity, hated by all
a: Renounce Religion


You were on level 8 of the Dungeon.
You worshipped Ru.
Ru was aware of your devotion.
You visited 1 branch of the dungeon, and saw 8 of its levels.
You also visited: Ossuary.

You collected 504 gold pieces.
You spent 247 gold pieces at shops.

Inventory:

Armour
 a - a +1 robe
 u - a +0 plate armour (worn)
Jewellery
 g - an uncursed amulet of faith
 v - a ring of wizardry (left hand)
Wands
 d - a wand of acid (2)
 j - a wand of disintegration (9)
 o - a wand of paralysis (4)
 p - a wand of flame (13)
 y - a wand of random effects (38)
 A - a wand of iceblast (11)
Scrolls
 b - a scroll of blinking
 c - 3 scrolls of teleportation
 i - 2 scrolls of identify
 m - 3 scrolls of immolation
 q - a scroll of amnesia {unknown}
 t - 5 scrolls of remove curse
 w - a scroll of fog
 x - a scroll of magic mapping
Potions
 e - 3 potions of lignification
 f - 2 potions of brilliance
 h - 2 potions of degeneration
 k - 2 potions of flight
 l - a potion of invisibility
 n - 3 potions of might
 r - 2 potions of resistance
 s - a potion of magic
 z - 2 potions of curing


   Skills:
 + Level 8.5 Fighting
 + Level 7.7 Dodging
 - Level 5.0 Stealth
 + Level 7.7 Unarmed Combat
 + Level 5.6 Spellcasting


You had 20 spell levels left.
You didn't know any spells.
Your spell library was empty.

Dungeon Overview and Level Annotations

Branches:
Dungeon (8/15)             Temple (0/1) D:7         Ossuary (visited)
   Lair: D:8-11

Altars:
Elyvilon
Gozag
Hepliaklqana
Ru
Trog
Uskayaw
Wu Jian
Yredelemnul
Zin

Shops:
D:6 !

Annotations:
D:3 3 runed translucent doors, Gruesome's ghost, novice FoFi; furman's ghost, weakling MfDe; iamberjio's ghost, weakling DDFi; lagdotcom's ghost, amateur GnWr
D:8 1 runed translucent door, skk's ghost, novice TeGl


Innate Abilities, Weirdness & Mutations

You have a pair of large horns on your head.
You are mostly covered in slimy green scales. (AC +3)
When hurt, damage is shared between your health and your magic reserves.
You regenerate magic rapidly.
You are immune to miasma.
You are hated by all.
You have sharp toenails.
You are clumsy. (Dex -2)
You are robust. (+10% HP)


Message History

You claw the two-headed ogre, but do no damage.
The two-headed ogre is almost dead.
The shadow imp shouts, "Go and return not, thou puking clay-brained clotpole!"
The two-headed ogre hits you but does no damage.
The two-headed ogre hits you with a +0 dire flail of protection!!
* * * LOW HITPOINT WARNING * * *
You hit the two-headed ogre.
The two-headed ogre is almost dead.
The two-headed ogre hits you with a +0 dire flail.
* * * LOW HITPOINT WARNING * * *
The two-headed ogre barely misses you.
You barely miss the two-headed ogre.
You headbutt the two-headed ogre, but do no damage.
The two-headed ogre is almost dead.
You punch the two-headed ogre!
You kill the two-headed ogre!
You punch the ogre! You claw the ogre. You punch the ogre!
The ogre is severely wounded.
The ogre hits you with a +0 giant club!
You die...

#.....##.......##
##..###.....<...#
##...##.........#
#.....#....#....#
..........####.###
.....<###........#
##..### ########.#
#.## #.# ### #@#
#O# ### #o# ##.o
#5# ... #.#
###'############.#
............o..).#
.#.#.#.#.#.#.#.###
.......#.......#


You could see an ogre, a shadow imp and an orc.

Vanquished Creatures
  3 two-headed ogres
  Maurice (D:8)
  Eustachio (D:4)
  Edmund (D:5)
  2 black bears (D:7)
  2 phantoms
  An orc warrior (D:8)
  2 centaurs
  2 ogres
  5 bullfrogs
  3 water moccasin zombies (Ossuary)
  2 scorpions
  4 killer bees (D:8)
  9 wights
  6 howler monkeys
  4 jellies
  A bullfrog skeleton (D:4)
  5 hounds
  4 orc wizards
  Ijyb (D:5)
  Terence (D:2)
  An iguana (D:5)
  5 worker ants
  5 big kobold zombies (Ossuary)
  2 mummies (Ossuary)
  2 worker ant zombies (D:8)
  4 gnolls
  10 adders
  2 white imps (D:7)
  An ufetubus (D:6)
  5 adder zombies (Ossuary)
  A worm (D:2)
  A dart slug (D:2)
  4 leopard geckos
  30 orcs
  2 ball pythons
  10 giant cockroaches
  6 goblins
  6 hobgoblins
  3 jackals (D:2)
  5 quokkas
  6 bats
  7 frilled lizards
  A gnoll zombie (Ossuary)
  5 hobgoblin zombies (Ossuary)
  7 kobolds
  4 kobold zombies (Ossuary)
  2 orc zombies (Ossuary)
  2 quokka skeletons
  12 rats
211 creatures vanquished.

Vanquished Creatures (others)
  2 orc wizards
  An iguana (D:6)
  2 fungi (D:8)
  3 plants (D:8)
  7 toadstools (D:1)
  2 withered plants (D:3)
17 creatures vanquished.

Grand Total: 228 creatures vanquished

Notes
Turn   | Place    | Note
-------+----------+-------------------------------------------
     0 | D:1      | kae the Demonspawn Monk began the quest for the Orb.
     0 | D:1      | Reached XP level 1. HP: 18/18 MP: 1/1
   712 | D:1      | Gained mutation: You are partially covered in slimy green
                  | scales. (AC +2) [demonic ancestry]
   712 | D:1      | Reached XP level 2. HP: 18/24 MP: 2/2
  1230 | D:1      | Gained mutation: You are covered in fur. (AC +1) [potion of
                  | mutation]
  1230 | D:1      | Gained mutation: You are covered in thick fur. (AC +2)
                  | [potion of mutation]
  1392 | D:2      | Reached XP level 3. HP: 29/29 MP: 3/3
  1554 | D:2      | You fall into a shaft and drop 1 floor!
  2626 | D:2      | Gained mutation: When hurt, damage is shared between your
                  | health and your magic reserves. [demonic ancestry]
  2626 | D:2      | Reached XP level 4. HP: 35/35 MP: 4/4
  3273 | D:2      | Noticed Terence
  4661 | D:2      | Gained mutation: You have a pair of small horns on your
                  | head. [demonic ancestry]
  4661 | D:2      | Reached XP level 5. HP: 39/42 MP: 5/5
  4750 | D:2      | Killed Terence
  5052 | D:3      | Reached skill level 4 in Fighting
  5131 | D:3      | Found a hazy altar of Hepliaklqana.
  5312 | D:3      | Found a runed translucent gate.
  5313 | D:3      | Found a runed translucent gate.
  5314 | D:3      | Found a runed translucent gate.
  5315 | D:3      | Noticed furman's ghost (weakling MfDe)
  5315 | D:3      | Noticed lagdotcom's ghost (amateur GnWr)
  5316 | D:3      | Noticed Gruesome's ghost (novice FoFi)
  5316 | D:3      | Noticed iamberjio's ghost (weakling DDFi)
  5637 | D:4      | Found a bloodstained altar of Trog.
  5643 | D:4      | Found a sand-covered staircase.
  5648 | Ossuary  | Entered an ossuary
  5836 | Ossuary  | Gained mutation: You are mostly covered in slimy green
                  | scales. (AC +3) [demonic ancestry]
  5836 | Ossuary  | Reached XP level 6. HP: 10/48 MP: 1/6
  6343 | Ossuary  | Gained mutation: You are immune to miasma. [demonic
                  | ancestry]
  6343 | Ossuary  | Reached XP level 7. HP: 27/55 MP: 3/7
  6707 | D:4      | Noticed Eustachio
  6970 | D:4      | Reached skill level 5 in Fighting
  7128 | D:4      | Killed Eustachio
  7687 | D:4      | Reached skill level 5 in Dodging
  7687 | D:4      | Reached skill level 5 in Unarmed Combat
  7687 | D:4      | Gained mutation: You regenerate magic rapidly. [demonic
                  | ancestry]
  7687 | D:4      | Reached XP level 8. HP: 44/63 MP: 6/8
  7931 | D:5      | Entered Level 5 of the Dungeon
  7931 | D:5      | Noticed Ijyb
  7946 | D:5      | Killed Ijyb
  7947 | D:5      | Reached skill level 5 in Stealth
  7956 | D:5      | Noticed Edmund
  7985 | D:5      | Killed Edmund
  7986 | D:5      | Reached skill level 1 in Spellcasting
  8301 | D:5      | Found a sacrificial altar of Ru.
  8593 | D:5      | Reached skill level 6 in Fighting
  8626 | D:5      | Became a worshipper of Ru the Awakened
  8639 | D:5      | Gained mutation: You are hated by all. [Ru sacrifice]
  8639 | D:5      | Reached * piety under Ru
  8731 | D:5      | Found an opulent altar of Gozag.
  9538 | D:5      | Found an ornate altar of the Wu Jian Council.
 10010 | D:6      | Found a hide-covered altar of Uskayaw.
 10333 | D:6      | Found Zeeg Kast's Distillery.
 10341 | D:6      | Bought a potion of curing for 39 gold pieces
 10341 | D:6      | Bought a potion of mutation for 104 gold pieces
 10341 | D:6      | Bought a potion of mutation for 104 gold pieces
 10405 | D:6      | Noticed a two-headed ogre
 10406 | D:6      | Lost mutation: You are covered in thick fur. (AC +2)
                  | [potion of mutation]
 10406 | D:6      | Lost mutation: You are covered in fur. (AC +1) [potion of
                  | mutation]
 10406 | D:6      | Gained mutation: You are robust. (+10% HP) [potion of
                  | mutation]
 10406 | D:6      | Gained mutation: You tend to lose your temper in combat.
                  | [potion of mutation]
 10406 | D:6      | Gained mutation: You have large cloven feet. [potion of
                  | mutation]
 10406 | D:6      | Gained mutation: You have a pair of horns on your head.
                  | [potion of mutation]
 10410 | D:6      | Found a white marble altar of Elyvilon.
 10411 | D:6      | Killed a two-headed ogre
 10412 | D:6      | Reached skill level 7 in Fighting
 10412 | D:6      | Mutation became permanent: You have a pair of small horns
                  | on your head. [demonic ancestry]
 10412 | D:6      | Gained mutation: You have a pair of horns on your head.
                  | [demonic ancestry]
 10412 | D:6      | Reached XP level 9. HP: 35/79 MP: 6/14
 10602 | D:6      | Lost mutation: You are robust. (+10% HP) [potion of
                  | mutation]
 10602 | D:6      | Lost mutation: You have large cloven feet. [potion of
                  | mutation]
 10602 | D:6      | Lost mutation: You tend to lose your temper in combat.
                  | [potion of mutation]
 10602 | D:6      | Gained mutation: Your flesh is heat resistant. (rF+)
                  | [potion of mutation]
 10602 | D:6      | Gained mutation: You are somewhat resistant to further
                  | mutation. [potion of mutation]
 10603 | D:6      | Lost mutation: Your flesh is heat resistant. (rF+) [potion
                  | of mutation]
 10604 | D:6      | Lost mutation: You are somewhat resistant to further
                  | mutation. [potion of mutation]
 10604 | D:6      | Gained mutation: You expend magic power (3 MP) to
                  | strengthen your wands. [potion of mutation]
 10604 | D:6      | Gained mutation: You possess an exceptional clarity of
                  | mind. [potion of mutation]
 10605 | D:6      | Lost mutation: You possess an exceptional clarity of mind.
                  | [potion of mutation]
 10605 | D:6      | Lost mutation: You expend magic power (3 MP) to strengthen
                  | your wands. [potion of mutation]
 10605 | D:6      | Gained mutation: You are clumsy. (Dex -2) [potion of
                  | mutation]
 10605 | D:6      | Gained mutation: You are robust. (+10% HP) [potion of
                  | mutation]
 10605 | D:6      | Gained mutation: You have sharp toenails. [potion of
                  | mutation]
 10672 | D:7      | Found a basalt altar of Yredelemnul.
 10929 | D:7      | Found a staircase to the Ecumenical Temple.
 11093 | D:7      | Found a glowing silver altar of Zin.
 12165 | D:8      | Noticed a two-headed ogre
 12175 | D:8      | Killed a two-headed ogre
 12176 | D:8      | Reached skill level 8 in Fighting
 12176 | D:8      | Gained mutation: You have a pair of large horns on your
                  | head. [demonic ancestry]
 12176 | D:8      | Reached XP level 10. HP: 48/88 MP: 8/17
 12382 | D:8      | Reached skill level 5 in Spellcasting
 12621 | D:8      | Noticed Maurice
 12642 | D:8      | Killed Maurice
 12688 | D:8      | Found a runed translucent door.
 12691 | D:8      | Noticed skk's ghost (novice TeGl)
 12692 | D:8      | Identified the cursed +0 trident of Gaent {vamp, +Rage
                  | Int+3 Stlth+}
 13329 | D:8      | Noticed a two-headed ogre
 13367 | D:8      | Killed a two-headed ogre
 13368 | D:8      | Slain by an ogre

Illustrated notes

Levels and vault maps discovered:
D:1:      ldierk_walled_garden_2, layout_loops_cross, minmay_gold_behind_fungi,
          minmay_pentomino_o4
D:2:      layout_loops_cross, uniq_terence
D:3:      layout_loops_corners, nzn_hepliaklqana_mist_gate,
          gammafunk_ghost_cemetery
D:4:      layout_loops_ring, bloody_trog, enter_ossuary_2, minmay_misc_feat_x,
          uniq_eustachio
D:5:      layout_basic, nicolae_ru_sacrificial_ziggurat,
          pdpol_wu_jian_five_deadly_venoms, kennysheep_mini, uniq_ijyb,
          uniq_edmund
D:6:      layout_loops_ring, lemuel_coloured_pillars_altar, basic_altar,
          serial_shops, shop
D:7:      layout_basic, kennysheep_mini_moat, lemuel_crystal_altar,
          minmay_temple_entry_large_hall, minmay_misc_feat_rows
D:8:      layout_cave_pools, lemuel_doored_altar, ebering_ghost_funeral_grove,
          hangedman_minor_gate_pass, uniq_maurice

Skill      XL: |  1  2  3  4  5  6  7  8  9 10 |
---------------+-------------------------------+-----
Stealth        | 2 3 4 5 |  5.0
Unarmed Combat | 3 4 5 6 7 |  7.7
Dodging        | 3 4 5 6 7 |  7.7
Fighting       | 4 5 7 8 |  8.5
Spellcasting   | 3 4 5 |  5.6

Action                   |  1- 3 |  4- 6 |  7- 9 | 10-12 || total
-------------------------+-------+-------+-------+-------++-------
Melee: Unarmed           |   192 |   343 |   536 |   117 ||  1188
       Punch             |     1 |     7 |    13 |     2 ||    23
       Headbutt          |       |    53 |   105 |    23 ||   181
       Kick              |       |       |    47 |    35 ||    82
Invok: Sacrifice Love    |       |       |     1 |       ||     1
Evoke: Wand              |       |       |     2 |       ||     2
  Use: Scroll            |     4 |     9 |     9 |       ||    22
       Potion            |     1 |       |     8 |       ||     9
 Stab: Sleeping          |     7 |     9 |       |       ||    16
       Distracted        |     1 |       |     1 |       ||     2
Armor: Robe              |    61 |    69 |       |       ||   130
       Plate armour      |       |       |   447 |    98 ||   545
Dodge: Dodged            |   132 |   206 |   166 |    57 ||   561

Table legend: (Time is in decaauts)
 A = Elapsed time spent in this place.
 B = Non-inter-level travel time spent in this place.
 C = Inter-level travel time spent in this place.
 D = Time resting spent in this place.
 E = Time spent auto-exploring this place.
 F = Levels seen in this place.
 G = Mean time per level.
                   A        B        C        D        E       F      G
               +--------+--------+--------+--------+--------+-----+--------+
         Total |  13267 |  12790 |    477 |   3883 |   6968 |   9 | 1474.1 |
       Dungeon |  12383 |  11906 |    477 |   3494 |   6713 |   8 | 1547.9 |
       Ossuary |    884 |    884 |      0 |    389 |    255 |   1 |  884.0 |
               +--------+--------+--------+--------+--------+-----+--------+

Top non-repeatable levels by time:
     D:1: 2379 daAuts
     D:3: 1739 daAuts
     D:5: 1648 daAuts
     D:2: 1528 daAuts
     D:8: 1438 daAuts
     D:4: 1360 daAuts
     D:7: 1220 daAuts
     D:6: 1067 daAuts
 Ossuary: 884 daAuts
